cohdb
Replays
Latest Replays
All Replays
Popular Replays
Top Player Replays
Match Explorer
How It Works
Community
CoH3 Stats
Reddit
Sign in to upload your games and track your stats! →
Sign in with Steam
Match 38788681
Unlisted
Match 38788681
Overview
Messages
Build Orders
End
Kradschützen Motorcycle Team
Panzergrenadier Squad
Selects Battlefield Espionage Battlegroup
Selects Battlefield Espionage Battlegroup
Selects Battlefield Espionage Battlegroup
250 Light Carrier
Panzergrenadier Squad
Construct Light Support Kompanie
Fire Support Elements
250 Light Carrier
2.5-tonne Medical Truck
Combat Half-tracks
Selects 250/3 Funkpanzerwagen
Assault Mechanized Group
Pak 38 Anti-tank Gun Team
Flakvierling Half-track
Selects Anti-Tank Incendiary Munitions
Construct Mechanized Kompanie
Assault Grenadier Squad
StuG III D Assault Gun
Selects Intel Disruption Beacon
sharpshooter
Belgian Luftwaffle
Spades86
RedLeaderToBase
0
0
Comments
sign in to comment!
No comments posted yet!